 Dungeon Crawl Stone Soup version 0.29.1-1-gd02db6906a (webtiles) character file.

Game seed: 14035705011581084154

48 MisterFreud the Twirler (level 4, 0/33 HPs)
             Began as a Formicid Gladiator on Oct 6, 2022.
             Slain by a goblin
             ... wielding a +2 dagger of speed
              (2 damage)
             ... on level 2 of the Dungeon.
             The game lasted 00:03:33 (1997 turns).

MisterFreud the Twirler (Formicid Gladiator)        Turns: 1997, Time: 00:03:34

Health: 0/33       AC:  3    Str: 20    XL:     4   Next: 0%
Magic:  4/4        EV: 12    Int:  8    God:
Gold:   71         SH:  0    Dex: 15    Spells: 3/3 levels left

rFire   . . .      SeeInvis +   a - +0 quarterstaff
rCold   . . .      Faith    .   (no shield)
rNeg    . . .      Spirit   .   b - +0 leather armour
rPois   .          Reflect  .   (helmet unavailable)
rElec   .          Harm     .   (no cloak)
rCorr   .          Rampage  .   (no gloves)
Will    .....                   (no boots)
Stlth   +.........              (no amulet)
HPRegen 0.11/turn               (no ring)
MPRegen 0.09/turn               (no ring)

@: no status effects
A: permanent stasis, dig shafts and tunnels, antennae 3, four strong arms
a: Dig, Shaft Self


You were on level 2 of the Dungeon.
You visited 1 branch of the dungeon, and saw 3 of its levels.

You collected 71 gold pieces.

Inventory:

Hand Weapons
 a - a +0 quarterstaff (weapon)
Missiles
 c - 3 throwing nets (quivered)
 d - a javelin
Armour
 b - a +0 leather armour (worn)
Jewellery
 e - a ring of magical power
Scrolls
 f - 2 scrolls of vulnerability
 h - a scroll of teleportation
Potions
 g - a potion of brilliance
 i - a potion of magic {unknown}


   Skills:
 - Level 2.1 Fighting
 + Level 4.6 Staves
 - Level 2.0 Throwing
 - Level 2.6 Dodging


You had 3 spell levels left.
You didn't know any spells.
Your spell library contained the following spells:

 Spells                   Type           Power      Damage    Failure   Level
 Sting                    Tmut/Pois      0%         1d3       45%         1
 Poisonous Vapours        Pois/Air       0%         N/A       61%         2
 Olgreb's Toxic Radiance  Pois           0%         N/A       99%         4


Dungeon Overview and Level Annotations

Branches:
Dungeon (3/15)

Altars:
Nemelex Xobeh

Annotations:
D:2 Robin


Innate Abilities, Weirdness & Mutations

You cannot be hasted, slowed, berserked, paralysed or teleported.
You can dig through walls and to a lower floor.
You have a pair of large antennae on your head. (SInv)
Your four strong arms can wield two-handed weapons with a shield.


Message History

You kill the goblin!
You hit the hobgoblin.
The hobgoblin is heavily wounded.
You hit the hobgoblin.
You kill the hobgoblin!
You sock the goblin!
You kill the goblin!
You sock the goblin!
You kill the goblin!
You closely miss the hobgoblin. The hobgoblin hits you.
The goblin hits you with a +2 dagger of speed.
You barely miss the hobgoblin.
The hobgoblin no longer looks unusually strong.
The hobgoblin hits you but does no damage.
The goblin hits you with a +2 dagger of speed.
You closely miss the hobgoblin. The hobgoblin barely misses you.
The goblin hits you with a +2 dagger of speed. x2
* * * LOW HITPOINT WARNING * * *
The hobgoblin hits you but does no damage.
You are too injured to fight recklessly!
You hit the hobgoblin.
You kill the hobgoblin!
The goblin no longer looks unusually strong. x2
You have reached level 4!
You feel clever.
The goblin no longer looks unusually strong.
The hobgoblin no longer looks unusually strong.
Robin roars a battlecry!
The goblins go into a battle-frenzy!
The goblin attacks as you move away! The goblin barely misses you.
The goblin attacks as you move away!
The goblin hits you with a +2 dagger of speed.
* * * LOW HITPOINT WARNING * * *
Are you sure you want to shaft yourself?
The goblin hits you with a +2 dagger of speed.
* * * LOW HITPOINT WARNING * * *
You begin to dig a shaft.
You continue digging a shaft.
The goblin misses you.
The goblin hits you with a +2 dagger of speed.
You die...

+........+
...?....))..~8#
#........#
##.....#..{~#
#........#
#.....##g.~#
#........
#.....##...#
.......
#.....###....
#.gg..# #.{....
#gg...#
#....g... #
#g#####
#........ #@#
####..... #.#
..... #.# #.#
#.# #.# ..# ###


You could see Robin, a hobgoblin (strong) and 3 goblins.

Vanquished Creatures
  6 ball pythons (D:1)
  4 endoplasms
  2 giant cockroaches
  4 goblins
  7 hobgoblins
  5 quokkas
  A bat (D:1)
  4 frilled lizards (D:1)
  5 kobolds
  4 rats
42 creatures vanquished.

Vanquished Creatures (others)
  A frilled lizard (D:1)
1 creature vanquished.

Grand Total: 43 creatures vanquished

Notes
Turn   | Place    | Note
-------+----------+-------------------------------------------
     0 | D:1      | MisterFreud the Formicid Gladiator began the quest for the
                  | Orb.
     0 | D:1      | Reached XP level 1. HP: 16/16 MP: 1/1
   238 | D:1      | Reached XP level 2. HP: 22/22 MP: 2/2
   632 | D:1      | Reached skill level 4 in Staves
   632 | D:1      | Reached XP level 3. HP: 19/27 MP: 3/3
  1506 | D:2      | Noticed Robin
  1516 | D:2      | You fall into a shaft and drop 1 floor!
  1924 | D:3      | Found a sparkling altar of Nemelex Xobeh.
  1989 | D:2      | Reached XP level 4. HP: 10/33 MP: 4/4
  1997 | D:2      | Slain by a goblin

Illustrated notes

Levels and vault maps discovered:
D:1:      dpeg_arrival_chambers_temple_mockup, layout_loops_ring, minivault_25
D:2:      layout_basic, moated_statue, chequers_serial_rivers_micro_c,
          st_stairs_12, uniq_jessica, uniq_robin
D:3:      cheibrodos_greedy_goblins, layout_loops_ring,
          mainiacjoe_overflow_paths, serial_shops, nicolae_diamond_shop,
          uniq_sigmund

Skill      XL: |  1  2 |
---------------+-------+-----
Staves         | 4 |  4.6
Fighting       | |  2.1
Throwing       | |  2.0
Dodging        | |  2.6

Action                   |  1- 3 |  4- 6 || total
-------------------------+-------+-------++-------
Melee: Quarterstaff      |    90 |       ||    90
       Punch             |     2 |       ||     2
 Abil: Shaft Self        |     1 |     1 ||     2
  Use: Scroll            |     5 |       ||     5
 Stab: Sleeping          |     1 |       ||     1
Armor: Leather armour    |    17 |       ||    17
Dodge: Dodged            |    57 |     2 ||    59
